 Seeded DCSS version 0.28-a0-863-g8cecda6153 (webtiles) character file.

Game seed: 20211120 (custom seed)

4 a11behringer the Skirmisher (level 1, -3/19 HPs)
             Began as a Draconian Cinder Acolyte on Nov 19, 2021.
             Was a High Priest of Ignis.
             Slain by a kobold (5 damage)
             ... on level 2 of the Dungeon.
             The game lasted 00:01:20 (204 turns).

a11behringer the Skirmisher (DrCA)                   Turns: 204, Time: 00:01:20

Health: -3/19      AC:  4    Str: 16    XL:     1   Next: 50%
Magic:  2/2        EV: 11    Int: 14    God:    Ignis [*****.]
Gold:   13         SH:  0    Dex:  6    Spells: 2/2 levels left

rFire   + . .      SeeInvis .   a - -1 falchion (flame)
rCold   . . .      Faith    .   (no shield)
rNeg    . . .      Spirit   .   (armour unavailable)
rPois   .          Reflect  .   (helmet restricted)
rElec   .          Harm     .   (no cloak)
rCorr   .          Rampage  .   (no gloves)
Will    .....                   (no boots)
Stlth   +.........              (no amulet)
HPRegen 0.06/turn               (no ring)
MPRegen 0.08/turn               (no ring)

@: no status effects
A: AC +4, unfitting armour, cold-blooded
a: Renounce Religion, Sea of Fire, Foxfire Swarm, Rising Flame


You were on level 2 of the Dungeon.
You worshipped Ignis.
Ignis was extremely pleased with you.
You visited 1 branch of the dungeon, and saw 2 of its levels.

You collected 13 gold pieces.

Inventory:

Hand Weapons
 a - a -1 falchion of flaming (weapon)
Scrolls
 c - a scroll of enchant weapon {unknown}
Potions
 b - a potion of attraction {unknown}


   Skills:
 + Level 3.4 Fighting
 * Level 3.1 Long Blades
 + Level 1.0 Spellcasting
 + Level 3.1 Fire Magic


You had 2 spell levels left.
You didn't know any spells.
Your spell library contained the following spells:

 Spells                   Type           Power      Damage    Failure   Level
 Scorch                   Fire           18%        2d5       11%         2


Dungeon Overview and Level Annotations

Branches:
Dungeon (2/15)

Altars:


Innate Abilities, Weirdness & Mutations

Your plain brown scales are hard. (AC +4)
You cannot fit into any form of body armour.
You are cold-blooded and may be slowed by cold attacks.


Message History

The quokka bites you but does no damage.
The kobold barely misses you. The quokka misses you.
You hit the quokka. You burn the quokka.
The quokka is heavily wounded.
The quokka closely misses you. The kobold barely misses you.
You hit the quokka but do no damage.
Your tail-slap misses the quokka.
The quokka is heavily wounded.
The quokka closely misses you. The kobold barely misses you.
You hit the quokka but do no damage.
The quokka is heavily wounded.
The quokka barely misses you. The kobold barely misses you.
The kobold hits you with a +0 short sword.
The quokka bites you but does no damage.
You hit the quokka but do no damage.
The quokka is moderately wounded.
The kobold closely misses you. The kobold completely misses you.
The quokka bites you.
You barely miss the quokka.
The quokka is moderately wounded.
The quokka bites you but does no damage.
The kobold hits you with a +0 whip.
* * * LOW HITPOINT WARNING * * *
The kobold barely misses you. The quokka closely misses you.
The quokka bites you.
* * * LOW HITPOINT WARNING * * *
A hobgoblin comes into view.
Found 5 gold pieces.
The hobgoblin shouts!
The kobold completely misses you.
The hobgoblin moves out of view.
You see here 5 gold pieces.
Things that are here:
a +0 whip; a stone; a kobold corpse
There is a stone staircase leading down here.
You can't go up here!
The kobold hits you with a +0 whip.
* * * LOW HITPOINT WARNING * * *
You climb downwards.
There is a stone staircase leading up here.
You barely miss the kobold. The kobold hits you with a +0 whip.
You die...

.....
########.....
#............
#............
###............
...b........#
#.........#
#....@.#
.......K##
..#######


You could see a bat and a kobold.

Vanquished Creatures
  An endoplasm (D:1)
  A kobold (D:1)
  A ball python (D:1)
  A rat (D:1)
4 creatures vanquished.

Notes
Turn   | Place    | Note
-------+----------+-------------------------------------------
     0 | D:1      | a11behringer the Draconian Cinder Acolyte began the quest
                  | for the Orb.
     0 | D:1      | Reached XP level 1. HP: 19/19 MP: 2/2
   204 | D:2      | Slain by a kobold

Illustrated notes

Levels and vault maps discovered:
D:1:      wheals_arrival_shading, layout_rooms
D:2:      minmay_kobold_bridge, layout_rooms,
          dilly_ecumenical_altar_fadedgnrine, amcnicky_mini_pool_small,
          chequers_serial_rivers_small_b

Action                   || total
-------------------------++-------
Melee: Falchion          ||    19
Armor: Skin              ||     8
Dodge: Dodged            ||    19

Table legend: (Time is in decaauts)
 A = Elapsed time spent in this place.
 B = Non-inter-level travel time spent in this place.
 C = Inter-level travel time spent in this place.
 D = Time resting spent in this place.
 E = Time spent auto-exploring this place.
 F = Levels seen in this place.
 G = Mean time per level.
                   A        B        C        D        E       F      G
               +--------+--------+--------+--------+--------+-----+--------+
         Total |    206 |    183 |     23 |      0 |    108 |   2 |  103.0 |
       Dungeon |    206 |    183 |     23 |      0 |    108 |   2 |  103.0 |
               +--------+--------+--------+--------+--------+-----+--------+

Top non-repeatable levels by time:
     D:1: 205 daAuts
     D:2: 0 daAuts
